 Dungeon Crawl Stone Soup version 0.30.0-16-gbe6223bb7e (webtiles) character file.

Game seed: 291232327412610317

13 Twinkles the Sneak (level 2, -1/26 HPs)
             Began as a Draconian Delver on May 20, 2023.
             Slain by a black bear (2 damage)
             ... on level 6 of the Dungeon.
             The game lasted 00:00:59 (181 turns).

Twinkles the Sneak (Draconian Delver)                Turns: 181, Time: 00:01:00

Health: -1/26      AC:  4    Str: 14    XL:     2   Next: 24%
Magic:  2/2        EV: 12    Int: 10    God:
Gold:   0          SH:  0    Dex: 12    Spells: 1/1 levels left

rFire   . . .        a - +0 short sword
rCold   . . .        (no shield)
rNeg    . . .        (body armour unavailable)
rPois   .            (helmet restricted)
rElec   .            (no cloak)
rCorr   .            (no gloves)
SInv    .            (no boots)
Will    .....        (no amulet)
Stlth   +++          (no ring)
HPRegen 0.24/turn    (no ring)
MPRegen 0.08/turn

%: no passive effects
@: no status effects
A: AC +4, unfitting armour, cold-blooded
a: no special abilities


You were on level 6 of the Dungeon.
You visited 1 branch of the dungeon, and saw 2 of its levels.

Inventory:

Hand Weapons
 a - a +0 short sword (weapon)
Wands
 d - a wand of digging (3)
Scrolls
 E - a scroll of fear
 F - a scroll of fog
 X - a scroll of magic mapping
Potions
 b - a potion of attraction {unknown}
 H - a potion of haste


   Skills:
 + Level 3.5 Fighting
 + Level 2.2 Short Blades
 + Level 2.0 Dodging
 - Level 4.6 Stealth


You had one spell level left.
You didn't know any spells.
Your spell library was empty.

Dungeon Overview and Level Annotations

Branches:
Dungeon (6/15) Zot: 11821
 Temple: D:4-7

Altars:


Innate Abilities, Weirdness & Mutations

Your plain brown scales are hard. (AC +4)
You cannot fit into any form of body armour.
You are cold-blooded and may be slowed by cold attacks.


Message History

Found 3 boomerangs.
You hit the black bear.
The black bear is lightly wounded.
The black bear bites you but does no damage.
The black bear claws you.
The black bear claws you but does no damage.
You hit the black bear but do no damage.
You tail-slap the black bear, but do no damage.
The black bear is lightly wounded.
The black bear bites you.
The black bear claws you but does no damage.
The black bear barely misses you.
You hit the black bear.
The black bear is lightly wounded.
The black bear closely misses you. The black bear claws you.
The black bear barely misses you.
You hit the black bear but do no damage.
The black bear is lightly wounded.
The black bear bites you but does no damage.
The black bear closely misses you. The black bear barely misses you.
You hit the black bear. You tail-slap the black bear.
The black bear is moderately wounded.
You hit the black bear.
The black bear is heavily wounded.
The black bear bites you!
* * * LOW HITPOINT WARNING * * *
The black bear claws you but does no damage. x2
You barely miss the black bear.
You punch the black bear, but do no damage.
The black bear is heavily wounded.
The black bear misses you. The black bear claws you.
* * * LOW HITPOINT WARNING * * *
The black bear claws you.
* * * LOW HITPOINT WARNING * * *
You hit the black bear.
The black bear is heavily wounded.
The black bear misses you. The black bear claws you.
* * * LOW HITPOINT WARNING * * *
The black bear claws you.
You die...

#### #.# #.. ..#
#.# #.. #.# #.#
#..##.######.#
##.........†..#
##....#.########
#.....#.#
###....#h#
.(.....@.#
##########


You could see a black bear.

Vanquished Creatures
  An adder (D:6)
  2 orcs
3 creatures vanquished.

Notes
Turn   | Place    | Note
-------+----------+-------------------------------------------
     0 | D:5      | Twinkles the Draconian Delver began the quest for the Orb.
     0 | D:5      | Reached XP level 1. HP: 19/19 MP: 1/1
    27 | D:5      | Noticed an iguana
    37 | D:5      | HP: 6/19 [orc/+0 whip (5)]
    44 | D:5      | HP: 4/19 [orc/+0 whip (4)]
    49 | D:6      | Noticed an iguana
   165 | D:6      | Reached XP level 2. HP: 23/26 MP: 2/2
   168 | D:6      | Noticed a black bear
   179 | D:6      | HP: 7/26 [black bear (8)]
   181 | D:6      | HP: 1/26 [black bear (3)]
   181 | D:6      | Slain by a black bear

Illustrated notes

Levels and vault maps discovered:
D:5:      layout_loops_cross, grunt_dithmenos_shadows,
          minmay_guarded_unrand_staff_of_olgreb
D:6:      layout_loops_corners, minmay_temple_entry_drinking_statues

Skill      XL: |  1 |
---------------+----+-----
Dodging        | 2 |  2.0
Fighting       | |  3.5
Short Blades   | |  2.2
Stealth        | |  4.6

Action                     || total
---------------------------++-------
  Melee: Short sword       ||    28
         Tailslap          ||     5
         Punch             ||     1
   Stab: Sleeping          ||     1
 Armour: Skin              ||     8
  Dodge: Dodged            ||    18
